[ AOE2 MATCH · #493530217 ]
1v1 RMHuns vs Teutons
Player's team · LOSS
Rival team · WIN
[ REPLAY ANALYSIS · EXTRACTED FROM THE RECORDED GAME ]
Feudal
8:33
Castle
23:19
Imperial
—
| APM avg | 103.3 |
| APM peak | 193 |
| eAPM avg | 39.4 |
| Villagers / military | 115 / 92 |
Focus
⚔️ 62.8% · 🌾 37.2%
Cavalry Archer ×51 · Skirmisher ×18 · Archer ×11 · Spearman ×8 · Knight ×2 · Battering Ram ×1
Feudal
9:19
Castle
21:32
Imperial
38:33
| APM avg | 60.1 |
| APM peak | 104 |
| eAPM avg | 29.6 |
| Villagers / military | 119 / 139 |
Focus
⚔️ 45.8% · 🌾 54.2%
Archer ×43 · Skirmisher ×43 · Knight ×32 · Militia ×19 · Monk ×2
Match map
Initial resources + every placement click. Lines = walls · curves = elevation contours. ◆ gold · ⬟ stone · ● berries · ✦ relic · ◌ wall gap
Your base· Open — unwalled flank
zankoku sekai no akuma's base· Open — unwalled flank
Smoothed initial terrain · ◌ = detected wall gap · hover for details
Inputs per minute
— DS_Carbo__ - - zankoku sekai no akuma
Build order — DS_Carbo__
First 150 of 308 actions detected
| 0:00 | Create | Villager (Male) |
| 0:00 | Create | Villager (Male) |
| 0:01 | Create | Villager (Male) |
| 0:09 | Create | Villager (Male) |
| 0:09 | Create | Villager (Male) |
| 0:09 | Create | Villager (Male) |
| 1:19 | Create | Villager (Male) |
| 1:19 | Create | Villager (Male) |
| 1:19 | Create | Villager (Male) |
| 1:47 | Build | Lumber Camp |
| 1:49 | Create | Villager (Male) |
| 1:50 | Create | Villager (Male) |
| 2:13 | Create | Villager (Male) |
| 2:13 | Create | Villager (Male) |
| 3:02 | Create | Villager (Male) |
| 3:03 | Create | Villager (Male) |
| 3:03 | Create | Villager (Male) |
| 3:32 | Create | Villager (Male) |
| 3:32 | Create | Villager (Male) |
| 3:32 | Create | Villager (Male) |
| 4:10 | Create | Villager (Male) |
| 4:10 | Create | Villager (Male) |
| 4:11 | Create | Villager (Male) |
| 4:11 | Create | Villager (Male) |
| 4:46 | Build | Mill |
| 5:09 | Create | Villager (Male) |
| 5:09 | Create | Villager (Male) |
| 5:40 | Research | Loom |
| 6:21 | Research | Feudal Age |
| 6:21 | Research | Feudal Age |
| 6:22 | Research | Feudal Age |
| 7:16 | Create | Villager (Male) |
| 7:50 | Build | Barracks |
| 7:52 | Create | Villager (Male) |
| 8:33 | Age | Feudal Age |
| 8:34 | Research | Double-Bit Axe |
| 8:57 | Build | Archery Range |
| 9:09 | Create | Villager (Male) |
| 9:15 | Create | Spearman |
| 9:32 | Create | Skirmisher |
| 9:33 | Create | Villager (Male) |
| 9:40 | Create | Skirmisher |
| 9:40 | Create | Villager (Male) |
| 9:52 | Create | Spearman |
| 10:11 | Create | Skirmisher |
| 10:25 | Create | Skirmisher |
| 10:48 | Create | Skirmisher |
| 10:48 | Create | Villager (Male) |
| 10:50 | Build | Farm |
| 10:51 | Build | Farm |
| 11:13 | Create | Skirmisher |
| 11:26 | Create | Skirmisher |
| 11:27 | Create | Spearman |
| 11:38 | Create | Spearman |
| 11:40 | Create | Villager (Male) |
| 11:41 | Build | Farm |
| 11:52 | Build | Palisade Wall |
| 11:52 | Build | Palisade Wall |
| 11:58 | Create | Skirmisher |
| 12:07 | Create | Skirmisher |
| 12:17 | Create | Villager (Male) |
| 12:19 | Build | Farm |
| 12:27 | Create | Villager (Male) |
| 12:42 | Research | Horse Collar |
| 12:42 | Research | Horse Collar |
| 12:43 | Research | Horse Collar |
| 12:52 | Create | Villager (Male) |
| 13:06 | Create | Villager (Male) |
| 13:09 | Build | Mining Camp |
| 13:14 | Create | Spearman |
| 13:44 | Create | Villager (Male) |
| 13:45 | Create | Villager (Male) |
| 13:51 | Create | Spearman |
| 13:58 | Create | Archer |
| 14:03 | Build | Blacksmith |
| 14:17 | Create | Villager (Male) |
| 14:32 | Create | Villager (Male) |
| 14:38 | Create | Archer |
| 14:48 | Build | Farm |
| 14:50 | Research | Fletching |
| 14:50 | Research | Fletching |
| 14:50 | Research | Fletching |
| 14:57 | Build | Farm |
| 15:01 | Build | Farm |
| 15:13 | Research | Padded Archer Armor |
| 15:21 | Build | Farm |
| 15:25 | Create | Archer |
| 15:40 | Create | Villager (Male) |
| 15:41 | Build | Farm |
| 15:50 | Build | Farm |
| 15:53 | Build | Farm |
| 15:58 | Create | Archer |
| 16:07 | Create | Villager (Male) |
| 16:09 | Build | Farm |
| 16:21 | Create | Archer |
| 16:22 | Create | Spearman |
| 16:26 | Create | Villager (Male) |
| 16:42 | Create | Archer |
| 16:44 | Create | Spearman |
| 16:56 | Create | Villager (Male) |
| 17:08 | Create | Archer |
| 18:08 | Create | Villager (Male) |
| 18:08 | Create | Villager (Male) |
| 18:08 | Create | Villager (Male) |
| 18:10 | Create | Archer |
| 18:14 | Build | Farm |
| 18:15 | Build | Farm |
| 18:17 | Build | Stable |
| 18:23 | Create | Villager (Male) |
| 18:27 | Build | Stable |
| 18:38 | Build | Farm |
| 18:40 | Create | Archer |
| 18:51 | Build | Palisade Wall |
| 18:53 | Build | Palisade Wall |
| 18:56 | Build | Palisade Wall |
| 18:59 | Build | Palisade Wall |
| 18:59 | Build | Palisade Wall |
| 19:04 | Build | Farm |
| 19:06 | Create | Villager (Male) |
| 19:17 | Build | Watch Tower |
| 19:21 | Create | Villager (Male) |
| 19:27 | Build | Farm |
| 19:51 | Create | Archer |
| 20:39 | Research | Castle Age |
| 20:39 | Research | Castle Age |
| 20:43 | Build | Palisade Gate |
| 20:45 | Build | Palisade Wall |
| 21:25 | Build | Archery Range |
| 21:28 | Research | Gold Mining |
| 21:28 | Research | Gold Mining |
| 21:28 | Research | Gold Mining |
| 21:32 | Build | Mining Camp |
| 21:42 | Create | Archer |
| 21:53 | Build | Lumber Camp |
| 22:04 | Create | Skirmisher |
| 22:19 | Create | Skirmisher |
| 22:27 | Create | Skirmisher |
| 22:59 | Create | Villager (Male) |
| 23:01 | Create | Skirmisher |
| 23:02 | Create | Skirmisher |
| 23:11 | Create | Villager (Male) |
| 23:16 | Build | Palisade Wall |
| 23:19 | Age | Castle Age |
| 23:24 | Research | Bodkin Arrow |
| 23:24 | Research | Bodkin Arrow |
| 23:33 | Build | Farm |
| 23:48 | Create | Skirmisher |
| 24:05 | Research | Leather Archer Armor |
| 24:05 | Research | Leather Archer Armor |
| 24:10 | Research | Elite Skirmisher (upgrade) |
Build order — zankoku sekai no akuma
First 150 of 424 actions detected
| 0:00 | Create | Villager (Male) |
| 0:02 | Build | House |
| 0:03 | Build | House |
| 0:10 | Create | Villager (Male) |
| 0:10 | Create | Villager (Male) |
| 0:10 | Create | Villager (Male) |
| 1:31 | Create | Villager (Male) |
| 1:45 | Build | Lumber Camp |
| 1:59 | Create | Villager (Male) |
| 2:17 | Create | Villager (Male) |
| 2:48 | Create | Villager (Male) |
| 3:06 | Create | Villager (Male) |
| 3:40 | Create | Villager (Male) |
| 3:56 | Build | House |
| 3:58 | Build | House |
| 4:04 | Create | Villager (Male) |
| 4:06 | Create | Villager (Male) |
| 4:46 | Create | Villager (Male) |
| 5:05 | Create | Villager (Male) |
| 5:11 | Build | Mining Camp |
| 5:14 | Create | Villager (Male) |
| 5:59 | Create | Villager (Male) |
| 6:09 | Research | Loom |
| 7:01 | Build | Barracks |
| 7:09 | Research | Feudal Age |
| 7:29 | Build | Palisade Wall |
| 7:48 | Build | House |
| 8:10 | Build | Palisade Wall |
| 8:39 | Build | Palisade Wall |
| 8:40 | Create | Militia |
| 8:40 | Create | Militia |
| 8:40 | Create | Militia |
| 9:16 | Build | Palisade Wall |
| 9:19 | Age | Feudal Age |
| 9:26 | Build | Palisade Wall |
| 9:31 | Research | Man-at-Arms (upgrade) |
| 9:32 | Create | Villager (Male) |
| 9:41 | Build | Mill |
| 10:04 | Create | Villager (Male) |
| 10:06 | Build | Palisade Wall |
| 10:11 | Build | Archery Range |
| 10:28 | Create | Militia |
| 10:29 | Create | Villager (Male) |
| 10:30 | Build | Farm |
| 10:31 | Build | Farm |
| 10:33 | Build | Farm |
| 10:35 | Build | House |
| 10:48 | Create | Villager (Male) |
| 11:00 | Create | Villager (Male) |
| 11:00 | Build | Farm |
| 11:13 | Build | Farm |
| 11:14 | Build | Farm |
| 11:22 | Build | Farm |
| 11:26 | Create | Villager (Male) |
| 11:41 | Build | House |
| 11:53 | Create | Militia |
| 12:00 | Build | House |
| 12:18 | Create | Villager (Male) |
| 12:19 | Build | Farm |
| 12:25 | Create | Militia |
| 12:28 | Build | Farm |
| 12:33 | Create | Archer |
| 12:35 | Build | House |
| 12:38 | Create | Villager (Male) |
| 12:40 | Build | House |
| 12:46 | Build | Farm |
| 12:53 | Create | Militia |
| 13:05 | Create | Villager (Male) |
| 13:10 | Build | House |
| 13:12 | Build | Farm |
| 13:19 | Build | Farm |
| 13:22 | Create | Militia |
| 13:37 | Create | Militia |
| 13:42 | Create | Villager (Male) |
| 13:44 | Build | Farm |
| 13:58 | Build | House |
| 14:00 | Create | Villager (Male) |
| 14:03 | Create | Militia |
| 14:17 | Build | Blacksmith |
| 14:18 | Create | Villager (Male) |
| 14:25 | Create | Militia |
| 14:32 | Create | Villager (Male) |
| 14:50 | Research | Horse Collar |
| 14:51 | Research | Horse Collar |
| 15:02 | Build | Farm |
| 15:02 | Create | Militia |
| 15:04 | Create | Militia |
| 15:04 | Create | Militia |
| 15:17 | Create | Militia |
| 15:19 | Build | Farm |
| 15:27 | Create | Villager (Male) |
| 15:28 | Build | Farm |
| 15:30 | Create | Militia |
| 15:30 | Create | Militia |
| 15:34 | Research | Scale Mail Armor |
| 15:42 | Create | Villager (Male) |
| 15:42 | Create | Villager (Male) |
| 15:57 | Create | Skirmisher |
| 16:01 | Build | Farm |
| 16:06 | Create | Militia |
| 16:07 | Create | Villager (Male) |
| 16:16 | Create | Skirmisher |
| 16:19 | Create | Villager (Male) |
| 16:22 | Build | Farm |
| 16:25 | Create | Militia |
| 16:31 | Create | Villager (Male) |
| 16:32 | Create | Skirmisher |
| 16:45 | Build | Farm |
| 16:51 | Create | Skirmisher |
| 17:11 | Create | Villager (Male) |
| 17:14 | Build | Farm |
| 17:25 | Create | Skirmisher |
| 17:53 | Create | Villager (Male) |
| 18:10 | Build | House |
| 18:14 | Build | Archery Range |
| 18:19 | Create | Villager (Male) |
| 18:45 | Build | House |
| 18:52 | Research | Castle Age |
| 18:52 | Research | Castle Age |
| 18:52 | Research | Castle Age |
| 18:53 | Create | Archer |
| 19:21 | Create | Skirmisher |
| 19:24 | Create | Archer |
| 19:24 | Create | Archer |
| 19:33 | Research | Gold Mining |
| 19:42 | Create | Skirmisher |
| 19:50 | Build | Lumber Camp |
| 19:54 | Create | Skirmisher |
| 19:58 | Create | Archer |
| 19:58 | Create | Archer |
| 20:10 | Create | Archer |
| 20:10 | Create | Archer |
| 20:30 | Create | Skirmisher |
| 20:32 | Create | Archer |
| 20:32 | Create | Archer |
| 20:34 | Research | Padded Archer Armor |
| 20:39 | Research | Fletching |
| 20:40 | Research | Padded Archer Armor |
| 21:11 | Create | Archer |
| 21:11 | Create | Archer |
| 21:23 | Create | Villager (Male) |
| 21:32 | Age | Castle Age |
| 21:36 | Build | University |
| 21:38 | Research | Bodkin Arrow |
| 21:45 | Research | Crossbowman (upgrade) |
| 21:45 | Research | Crossbowman (upgrade) |
| 21:45 | Research | Crossbowman (upgrade) |
| 21:47 | Research | Double-Bit Axe |
| 21:54 | Create | Villager (Male) |
| 22:13 | Create | Archer |
Match timeline
| 7:01 | zankoku sekai no akuma · first_building Barracks |
| 7:29 | zankoku sekai no akuma · wall_segment Palisade Wall x4 |
| 7:50 | DS_Carbo__ · first_building Barracks |
| 8:10 | zankoku sekai no akuma · wall_segment Palisade Wall x7 |
| 8:33 | DS_Carbo__ · age_up feudal |
| 8:39 | zankoku sekai no akuma · wall_segment Palisade Wall x3 |
| 8:57 | DS_Carbo__ · first_building Archery Range |
| 9:16 | zankoku sekai no akuma · wall_segment Palisade Wall x3 |
| 9:19 | zankoku sekai no akuma · age_up feudal |
| 9:26 | zankoku sekai no akuma · wall_segment Palisade Wall x4 |
| 10:06 | zankoku sekai no akuma · wall_segment Palisade Wall x4 |
| 10:11 | zankoku sekai no akuma · first_building Archery Range |
| 11:52 | DS_Carbo__ · wall_segment Palisade Wall x1 |
| 11:52 | DS_Carbo__ · wall_segment Palisade Wall x1 |
| 18:17 | DS_Carbo__ · first_building Stable |
| 18:51 | DS_Carbo__ · wall_segment Palisade Wall x1 |
| 18:53 | DS_Carbo__ · wall_segment Palisade Wall x4 |
| 18:56 | DS_Carbo__ · wall_segment Palisade Wall x3 |
| 18:59 | DS_Carbo__ · wall_segment Palisade Wall x3 |
| 18:59 | DS_Carbo__ · wall_segment Palisade Wall x9 |
| 20:45 | DS_Carbo__ · wall_segment Palisade Wall x1 |
| 21:32 | zankoku sekai no akuma · age_up castle |
| 22:54 | zankoku sekai no akuma · wall_segment Palisade Wall x1 |
| 23:16 | DS_Carbo__ · wall_segment Palisade Wall x1 |
| 23:19 | DS_Carbo__ · age_up castle |
| 25:25 | zankoku sekai no akuma · first_building Stable |
| 29:18 | DS_Carbo__ · wall_segment Palisade Wall x1 |
| 30:21 | DS_Carbo__ · first_market_buy 100 wood |
| 32:43 | zankoku sekai no akuma · first_building Monastery |
| 34:59 | zankoku sekai no akuma · first_market_sell 500 food |
| 35:15 | DS_Carbo__ · first_building Siege Workshop |
| 38:02 | zankoku sekai no akuma · first_building Castle |
| 38:33 | zankoku sekai no akuma · age_up imperial |
| 38:40 | DS_Carbo__ · resign |
[ AI ANALYSIS · 1 CREDIT ]
What really happened in this match?
Wolo.gg analyzes every decision: build order, eco, micro, common mistakes by bracket. Personalized analysis on WhatsApp or Discord in 30 seconds.
Civ guide
Huns
Map guide
Arabia
Perfil
Jugador #618731